 Dungeon Crawl Stone Soup version 0.24.0-13-gcf9b319 (webtiles) character file.

Game seed: 17492257273714898083, levelgen mode: deterministic

553 2bobheroes the Ruffian (level 7, -12/66 HPs)
             Began as a Troll Fighter on Mar 25, 2020.
             Killed from afar by Pikel (18 damage)
             ... with a bolt of acid
             ... on level 4 of the Dungeon.
             The game lasted 00:19:04 (2638 turns).

2bobheroes the Ruffian (Troll Fighter)              Turns: 2638, Time: 00:19:05

Health: -12/66     AC:  2    Str: 22 (25) XL:     7   Next: 8%
Magic:  0/8        EV:  8    Int:  3 (4)  God:
Gold:   247        SH:  9    Dex:  9 (11) Spells: 8/8 levels left

rFire    . . .     SeeInvis .     - Unarmed
rCold    . . .     Gourm    +   b - +0 shield
rNeg     . . .     Faith    .   a - +0 robe
rPois    .         Spirit   +   (helmet restricted)
rElec    .         Reflect  .   e - scarf {Spirit}
rCorr    .         Harm     .   (gloves unavailable)
MR       .....                  (boots unavailable)
Stlth    +.........             (no amulet)
HPRegen  0.61/turn              (no ring)
MPRegen  0.11/turn              (no ring)

@: corroded
A: large, unfitting armour, claws 3, fast metabolism 3, gourmand, regeneration
1, shaggy fur 1, tough skin 3
a: no special abilities


You were on level 4 of the Dungeon.
You were completely stuffed.

You visited 1 branch of the dungeon, and saw 4 of its levels.

You collected 247 gold pieces.

Inventory:

Hand Weapons
 l - a +1 short sword of venom
Missiles
 f - 191 stones (quivered)
 g - 30 poisoned darts
 y - a throwing net
 B - 5 boomerangs
Armour
 a - a +0 robe (worn)
 b - a +0 shield (worn)
 e - a scarf of spirit shield (worn)
 C - a +0 cloak
Jewellery
 t - an uncursed ring of protection from fire {unknown}
Scrolls
 i - 3 scrolls of fog {unknown}
 k - a scroll of blinking {unknown}
 m - 3 scrolls of amnesia {unknown}
 n - 2 scrolls of remove curse {unknown}
 o - a scroll of identify {unknown}
 q - a scroll of noise {unknown}
 r - 4 scrolls of magic mapping {unknown}
 s - 2 scrolls of random uselessness {unknown}
 u - a scroll of enchant armour {unknown}
 x - 2 scrolls of teleportation {unknown}
Potions
 c - a potion of might
 h - 3 potions of flight {unknown}
 j - 3 potions of degeneration
 p - 2 potions of mutation {unknown}
 v - a potion of lignification {unknown}
 w - 3 potions of berserk rage {unknown}
 z - a potion of brilliance {unknown}
Comestibles
 d - 12 rations
 A - 5 chunks of flesh


   Skills:
 + Level 2.7 Fighting
 + Level 2.9 Dodging
 * Level 1.2 Stealth
 * Level 3.7 Shields
 * Level 5.4 Unarmed Combat
 * Level 1.3 Spellcasting


You had 8 spell levels left.
You didn't know any spells.
Your spell library was empty.

Dungeon Overview and Level Annotations

Branches:
Dungeon (4/15)
 Temple: D:4-7

Altars:
Elyvilon
Kikubaaqudgha

Annotations:
D:4 Pikel


Innate Abilities, Weirdness & Mutations

You are too large for most types of armour.
You have claws for hands.
Your metabolism is lightning-fast.
You like to eat raw meat.
Your natural rate of healing is unusually fast.
You are covered in fur. (AC +1)
You have extremely tough skin. (AC +3)


Message History

The slave hits you.
You claw the slave!
You kill the slave!
That felt strangely unrewarding.
You start resting.
Pikel is too close now for your liking.
The slave shouts!
A slave comes into view.
Pikel zaps a wand.
The bolt of acid hits you! The acid corrodes you!
You are splashed with acid!
Pikel zaps a wand.
The bolt of acid hits you!!
* * * LOW HITPOINT WARNING * * *
You are splashed with acid!
* * * LOW HITPOINT WARNING * * *
There is an open door here.
It was a potion of degeneration.
There was something very wrong with that liquid.
You feel weakened.
You feel dopey.
You feel clumsy.
Pikel zaps a wand.
The bolt of acid hits you!!
You die...

########## ###########
#........#######.........#
#....>.K.@...............'
#........#######.........#
#####p#### ######....# ###
#.# #....#
.....###.####### #....#
(.p............+ #....#
.p...###.####### #....#
K.. #.# #....# # #.#
#....#


You could see Pikel and a slave.

Vanquished Creatures
  2 slaves (D:4)
  2 ogres (D:4)
  A wyvern zombie (D:2)
  A scorpion (D:4)
  A hound (D:4)
  3 worker ants (D:4)
  3 gnolls (D:4)
  4 adders
  2 oozes
  4 dart slugs
  3 leopard geckos
  7 orcs
  A ball python (D:2)
  5 bats
  7 giant cockroaches
  6 goblins
  5 hobgoblins (D:1)
  7 jackals
  A quokka (D:3)
  6 frilled lizards
  10 kobolds
  10 rats
91 creatures vanquished.

Notes
Turn   | Place    | Note
-------+----------+-------------------------------------------
     0 | D:1      | 2bobheroes the Troll Fighter began the quest for the Orb.
     0 | D:1      | Reached XP level 1. HP: 22/22 MP: 0/0
    67 | D:1      | You fall into a shaft and drop 1 floor!
    99 | D:2      | Found a white marble altar of Elyvilon.
   170 | D:1      | Reached XP level 2. HP: 29/29 MP: 1/1
   289 | D:1      | Reached XP level 3. HP: 35/36 MP: 2/2
   830 | D:2      | Reached skill level 3 in Unarmed Combat
   830 | D:2      | Reached XP level 4. HP: 9/44 MP: 0/3
  1334 | D:3      | Found an ancient bone altar of Kikubaaqudgha.
  1341 | D:3      | Reached XP level 5. HP: 50/50 MP: 5/5
  2163 | D:4      | Reached skill level 4 in Unarmed Combat
  2334 | D:4      | Reached skill level 1 in Spellcasting
  2334 | D:4      | Reached XP level 6. HP: 53/59 MP: 4/6
  2363 | D:4      | Reached skill level 1 in Stealth
  2486 | D:4      | Reached skill level 5 in Unarmed Combat
  2516 | D:4      | Reached XP level 7. HP: 56/66 MP: 6/8
  2590 | D:4      | Noticed Pikel
  2638 | D:4      | Killed from afar by Pikel

Levels and vault maps discovered:
D:1:      saegor_arrival_simple_b, layout_basic, chequers_serial_rivers_marsh
D:2:      layout_rooms, elyvilon_altar_1
D:3:      layout_basic, nicolae_overflow_hidden_temple, first_ration,
          minmay_pentomino_pile
D:4:      layout_basic, uniq_pikel

Skill      XL: |  1  2  3  4  5  6 |
---------------+-------------------+-----
Shields        | 3 |  3.7
Unarmed Combat | 3 4 5 |  5.4
Spellcasting   | 1 |  1.3
Stealth        | 1 |  1.2
Fighting       | |  2.7
Dodging        | |  2.9

Action                   |  1- 3 |  4- 6 |  7- 9 || total
-------------------------+-------+-------+-------++-------
Melee: Unarmed           |    89 |   173 |    21 ||   283
Throw: Stone             |       |       |     1 ||     1
  Use: Potion            |       |       |     1 ||     1
 Stab: Sleeping          |     1 |     3 |       ||     4
  Eat: Chunk             |    12 |    16 |     2 ||    30
Armor: Robe              |    31 |    43 |     2 ||    76
Dodge: Dodged            |    33 |    38 |     3 ||    74
Block: Shield            |    46 |    63 |     7 ||   116
